 Dungeon Crawl Stone Soup version 0.31-a0-750-gfe7b580527 (webtiles) character file.

Game seed: 8406814988411815229

321 Aneyh the Poker (level 6, 0/37 HPs)
             Began as a Tengu Monk on Sept 14, 2023.
             Succumbed to a water moccasin's poison
             ... on level 7 of the Dungeon.
             The game lasted 00:03:58 (2868 turns).

Aneyh the Poker (Tengu Monk)                        Turns: 2868, Time: 00:03:59

Health: 0/37       AC:  2    Str: 12 (14) XL:     6   Next: 46%
Magic:  7/7        EV: 13    Int:  7 (10) God:
Gold:   164        SH:  0    Dex: 13 (16) Spells: 5/5 levels left

rFire   . . .        b - +2 dagger (drain)
rCold   + . .        (no shield)
rNeg    . . .        s - +0 robe
rPois   +            (helmet restricted)
rElec   .            (no cloak)
rCorr   .            (no gloves)
SInv    .            (boots unavailable)
Will    .....        (no amulet)
Stlth   +            p - ring of poison resistance
HPRegen 0.26/turn    m - ring of protection from cold
MPRegen 0.10/turn

%: acrobat
@: mighty, brilliant, lethally poisoned (0 -> -7)
A: beak, talons 3, acrobatic
a: no special abilities


You were on level 7 of the Dungeon.
You visited 1 branch of the dungeon, and saw 7 of its levels.

You collected 164 gold pieces.

Inventory:

Hand Weapons
 a - a +0 spear
 b - a +2 dagger of draining (weapon)
Missiles
 g - 3 boomerangs (quivered)
Armour
 d - an orb of light
 f - a +1 scale mail of cold resistance
 s - a +0 robe (worn)
 u - the +0 robe of the Ancient Dreams {rPois Str-5 Int+8 Dex+3}
   (You found it on level 5 of the Dungeon)

   Str-5:     It affects your strength (-5).
   Int+8:     It affects your intelligence (+8).
   Dex+3:     It affects your dexterity (+3).
   rPois:     It protects you from poison
Jewellery
 j - a ring of magical power
 m - a ring of protection from cold (right hand)
 p - a ring of poison resistance (left hand)
Scrolls
 e - a scroll of vulnerability {unknown}
 k - a scroll of noise {unknown}
 r - a scroll of immolation {unknown}
Potions
 i - a potion of heal wounds {unknown}
 n - a potion of attraction {unknown}
 o - 2 potions of lignification {unknown}
 t - a potion of curing {unknown}


   Skills:
 - Level 3.0 Fighting
 + Level 7.7 Polearms
 - Level 3.2 Dodging


You had 5 spell levels left.
You didn't know any spells.
Your spell library was empty.

Dungeon Overview and Level Annotations

Branches:
Dungeon (7/15)
 Temple: D:4-7

Altars:
Dithmenos


Innate Abilities, Weirdness & Mutations

You have a beak for a mouth.
You have claws for feet.
You can magically evade attacks while moving or waiting.


Message History

You feel very sick. The water moccasin misses you.
You hit the water moccasin. You drain the water moccasin.
You claw the water moccasin.
The water moccasin is severely wounded.
You feel sick. The water moccasin misses you. The water moccasin bites you.
You closely miss the water moccasin. Your kick misses the water moccasin.
The water moccasin is severely wounded.
You feel sick. The water moccasin closely misses you.
You hit the water moccasin.
The water moccasin is severely wounded.
You feel sick. The water moccasin bites you.
* * * LOW HITPOINT WARNING * * *
You hit the water moccasin but do no damage.
Your kick misses the water moccasin.
The water moccasin is severely wounded.
You feel sick.
The water moccasin bites you but does no damage.
The water moccasin barely misses you.
You hit the water moccasin. Your kick misses the water moccasin.
You peck the water moccasin.
The water moccasin is severely wounded.
You feel sick. The water moccasin bites you.
* * * LOW HITPOINT WARNING * * *
You are lethally poisoned!
The water moccasin poisons you!
It was a potion of degeneration.
There was something very wrong with that liquid.
You feel weakened.
You feel dopey.
You feel clumsy.
* * * LOW HITPOINT WARNING * * *
You feel very sick.
The water moccasin bites you but does no damage.
The water moccasin misses you.
It was a potion of might.
You feel very mighty all of a sudden.
* * * LOW HITPOINT WARNING * * *
You feel sick. The water moccasin closely misses you.
It was a potion of brilliance.
You feel clever all of a sudden.
You die...

###########
#....S@...#
#.#######.#
..####+##...
#)#
....<.......
#<#
####........
###
+.!......
#........
#........
.........


You could see a water moccasin (drained).

Vanquished Creatures
  A water moccasin (D:5)
  A jelly (D:6)
  An orc wizard (D:2)
  An iguana (D:3)
  3 gnolls (D:3)
  3 adders
  An ufetubus (D:6)
  A worm (D:2)
  2 dart slugs
  7 orcs
  5 ball pythons
  4 endoplasms
  5 giant cockroaches
  10 hobgoblins
  2 jackals (D:1)
  3 quokkas
  A bat (D:2)
  A frilled lizard (D:1)
  6 kobolds
  7 rats
65 creatures vanquished.

Notes
Turn   | Place    | Note
-------+----------+-------------------------------------------
     0 | D:1      | Aneyh the Tengu Monk began the quest for the Orb.
     0 | D:1      | Reached XP level 1. HP: 14/14 MP: 2/2
   110 | D:1      | Reached XP level 2. HP: 19/19 MP: 3/3
   111 | D:1      | Reached skill level 4 in Polearms
   630 | D:2      | Reached XP level 3. HP: 23/23 MP: 4/4
   813 | D:2      | Reached skill level 5 in Polearms
  1019 | D:2      | Identified the +4 ring mail of the Apothecary {rC- Str+6
                  | SInv Stlth+}
  1454 | D:2      | Reached XP level 4. HP: 13/28 MP: 5/5
  1822 | D:3      | Reached skill level 6 in Polearms
  1822 | D:3      | Reached XP level 5. HP: 15/32 MP: 6/6
  2405 | D:4      | You fall into a shaft and drop 1 floor!
  2405 | D:5      | Entered Level 5 of the Dungeon
  2420 | D:5      | Noticed a water moccasin
  2429 | D:5      | Killed a water moccasin
  2430 | D:5      | Reached skill level 7 in Polearms
  2430 | D:5      | Reached XP level 6. HP: 29/37 MP: 7/7
  2518 | D:5      | Found a shadowy altar of Dithmenos.
  2522 | D:5      | Identified the +0 robe of the Ancient Dreams {rPois Str-5
                  | Int+8 Dex+3}
  2837 | D:7      | Noticed an ice beast
  2854 | D:7      | Noticed a water moccasin
  2868 | D:7      | Succumbed to a water moccasin's poison

Illustrated notes

Levels and vault maps discovered:
D:1:      dpeg_arrival_tiny_a, layout_basic
D:2:      layout_basic
D:3:      layout_loops_ring, kennysheep_generic_room_11
D:4:      layout_cave_pools, mainiacjoe_overflow_six_doors_small, temple_hall,
          nicolae_twisty_statue_hallways, uniq_grinder, uniq_eustachio,
          uniq_pikel
D:5:      layout_gridville, grunt_dithmenos_smoke, nicolae_gozag_seed_capital,
          dilly_guarded_unrand_morg
D:6:      layout_cave_pods, mainiacjoe_overflow_small_starburst
D:7:      layout_basic, mainiacjoe_overflow_alcove_4, ebering_ghost_inner_flame,
          chequers_avenue

Skill      XL: |  1  2  3  4  5 |
---------------+----------------+-----
Polearms       | 4 5 6 7 |  7.7
Fighting       | |  3.0
Dodging        | |  3.2

Action                     |  1- 3 |  4- 6 || total
---------------------------+-------+-------++-------
  Melee: Spear             |    84 |    39 ||   123
         Kick              |    15 |    25 ||    40
         Peck              |     8 |    15 ||    23
         Dagger            |       |    56 ||    56
    Use: Potion            |       |     4 ||     4
   Stab: Sleeping          |     6 |     2 ||     8
 Armour: Robe              |    21 |    53 ||    74
  Dodge: Dodged            |    40 |    92 ||   132

Table legend: (Time is in decaauts)
 A = Elapsed time spent in this place.
 B = Non-inter-level travel time spent in this place.
 C = Inter-level travel time spent in this place.
 D = Time resting spent in this place.
 E = Time spent auto-exploring this place.
 F = Levels seen in this place.
 G = Mean time per level.
                   A        B        C        D        E       F      G
               +--------+--------+--------+--------+--------+-----+--------+
         Total |   2849 |   2783 |     66 |    465 |   1753 |   7 |  407.0 |
       Dungeon |   2849 |   2783 |     66 |    465 |   1753 |   7 |  407.0 |
               +--------+--------+--------+--------+--------+-----+--------+

Top non-repeatable levels by time:
     D:2: 1027 daAuts
     D:3: 749 daAuts
     D:1: 605 daAuts
     D:6: 237 daAuts
     D:5: 204 daAuts
     D:7: 20 daAuts
     D:4: 3 daAuts
